[Event "Kragero Resort A 2020"]
[Site "Kragero"]
[Date "2020.02.19"]
[Round "1.26"]
[White "Mikalsen, Erlend"]
[Black "Fuglestein, Sander"]
[Result "1-0"]
[ECO "B15"]
[WhiteElo "2364"]
[BlackElo "2002"]
[Annotator "NA"]
[PlyCount "75"]
[EventDate "2020.02.19"]
[EventType "swiss"]
[EventCountry "NOR"]
[SourceTitle "playchess.com"]
[Source "ChessBase"]
[SourceQuality "1"]
[TimeControl "5400+30"]

1. e4 c6 2. d4 d5 3. Nc3 dxe4 4. Nxe4 Nf6 5. Nxf6+ exf6 6. c3 Bd6 7. Bd3 O-O 8. Qc2 Re8+ 9. Ne2 h5 10. O-O Nd7 11. Be3 Nf8 12. Rad1 Be6 13. c4 Qc7 14. h3 Rad8 15. c5 Be7 16. Nf4 g6 17. Bc4 Qc8 18. d5 cxd5 19. Bxd5 Bxd5 20. Nxd5 Ne6 21. Qc3 Kg7 22. b4 Nc7 23. Nxc7 Qxc7 24. b5 Bd6 25. Qa3 Be5 26. Rxd8 Rxd8 27. Qxa7 f5 28. c6 bxc6 29. Qxc7 Bxc7 30. b6 Be5 31. b7 Kf6 32. a4 Rd3 33. a5 Rb3 34. a6 Bb8 35. g3 Ke6 36. Ra1 Kd5 37. a7 Bxa7 38. Rxa7 1-0

[Event "Kragero Resort A 2020"]
[Site "Kragero"]
[Date "2020.02.19"]
[Round "1.27"]
[White "Gjestemoen-VonHirsch, Andre"]
[Black "Vestby-Ellingsen, Mads"]
[Result "0-1"]
[ECO "B49"]
[WhiteElo "1999"]
[BlackElo "2357"]
[Annotator "NA"]
[PlyCount "135"]
[EventDate "2020.02.19"]
[EventType "swiss"]
[EventCountry "NOR"]
[SourceTitle "playchess.com"]
[Source "ChessBase"]
[SourceQuality "1"]
[TimeControl "5400+30"]

1. e4 c5 2. Nf3 e6 3. d4 cxd4 4. Nxd4 Nc6 5. Nc3 Qc7 6. Be3 a6 7. a3 b5 8. Nxc6 Qxc6 9. Be2 Bb7 10. O-O Rc8 11. Qd3 Ne7 12. Rad1 Ng6 13. f4 Be7 14. Rf2 d6 15. Bf3 Qc7 16. Bg4 Qc4 17. Bd4 Qxd3 18. Rxd3 O-O 19. f5 exf5 20. exf5 Ne5 21. Bxe5 dxe5 22. Rd7 Bc5 23. Rxb7 Rb8 24. Rc7 Bxf2+ 25. Kxf2 b4 26. Nd5 bxa3 27. bxa3 Rb2 28. Be2 Ra2 29. Rc3 h5 30. Nb4 Ra1 31. Nxa6 g6 32. Bb5 Kg7 33. a4 gxf5 34. Nc5 Rd8 35. Nb3 Ra2 36. a5 e4 37. a6 f4 38. Ke2 Rd5 39. Bc6 Rg5 40. Bxe4 Rxa6 41. Nd4 Ra1 42. Rc7 Re5 43. Kf3 Rf1+ 44. Ke2 Ra1 45. Nb3 Rxe4+ 46. Kd3 Re3+ 47. Kd2 Rg1 48. Nd4 Rxg2+ 49. Kc1 Rg5 50. Kd2 Rd5 51. c3 Re8 52. Ra7 f3 53. Ra1 Re2+ 54. Kd3 Rxh2 55. Ke4 Rc5 56. Nxf3 Rc2 57. Rg1+ Kf8 58. Rh1 R5xc3 59. Nd4 Rg2 60. Nf5 Rg4+ 61. Kd5 Rg5 62. Kd4 Ra3 63. Nh4 Rg4+ 64. Ke5 Ra5+ 65. Kd6 Kg7 66. Nf3 Rg6+ 67. Kc7 Ra7+ 68. Kb8 0-1

[Event "Kragero Resort A 2020"]
[Site "Kragero"]
[Date "2020.02.19"]
[Round "1.28"]
[White "Kjartansson, David"]
[Black "Pevar, Andrew"]
[Result "1-0"]
[ECO "A56"]
[WhiteElo "2356"]
[BlackElo "1998"]
[Annotator "NA"]
[PlyCount "49"]
[EventDate "2020.02.19"]
[EventType "swiss"]
[EventCountry "NOR"]
[SourceTitle "playchess.com"]
[Source "ChessBase"]
[SourceQuality "1"]
[TimeControl "5400+30"]

1. d4 Nf6 2. c4 c5 3. d5 e5 4. Nc3 d6 5. e4 Be7 6. h3 Nbd7 7. Be3 Nf8 8. Bd3 Ng6 9. Nge2 O-O 10. Qd2 h6 11. g3 Nh7 12. O-O-O a6 13. f4 exf4 14. gxf4 b5 15. Rdg1 Kh8 16. Ng3 Qa5 17. Nh5 Bf6 18. e5 dxe5 19. Nxf6 exf4 20. Bxc5 gxf6 21. Bxg6 fxg6 22. Bxf8 Nxf8 23. Qxf4 Kg7 24. Re1 Qd8 25. c5 1-0

[Event "Kragero Resort A 2020"]
[Site "Kragero"]
[Date "2020.02.20"]
[Round "3.7"]
[White "Storme, Isak"]
[Black "Gharibyan, Mamikon"]
[Result "0-1"]
[ECO "E07"]
[WhiteElo "2314"]
[BlackElo "2405"]
[Annotator "RC"]
[PlyCount "76"]
[EventDate "2020.02.19"]
[EventType "swiss"]
[EventCountry "NOR"]
[SourceTitle "playchess.com"]
[Source "ChessBase"]
[SourceQuality "1"]
[TimeControl "5400+30"]

1. d4 Nf6 2. c4 e6 3. Nf3 d5 4. g3 Bb4+ 5. Bd2 Be7 6. Bg2 O-O 7. O-O c6 8. Qb3 Nbd7 9. Bf4 Ne4 10. Nc3 g5 11. Be3 Nd6 12. cxd5 exd5 13. Qc2 Nb6 14. Qc1 f6 15. h4 h6 16. Bd2 Bf5 17. Nh2 Qd7 18. f3 Bg6 19. e4 dxe4 20. fxe4 Ndc4 21. Be3 Nxe3 22. Qxe3 Nc4 23. Qf2 f5 24. Kh1 f4 25. hxg5 hxg5 26. gxf4 Rxf4 27. Qg3 Rh4 28. Rad1 Nxb2 29. Rd2 Nc4 30. Rd3 Bd6 31. e5 Bxe5 32. dxe5 Qxd3 33. Qxg5 Rh5 34. Qg4 Nxe5 35. Qe6+ Bf7 36. Rxf7 Nxf7 37. Ne4 Qd1+ 38. Bf1 Qxf1# 0-1

[Event "Kragero Resort A 2020"]
[Site "Kragero"]
[Date "2020.02.20"]
[Round "3.17"]
[White "Notkevich, Benjamin Arvola"]
[Black "Sjoberg, Isak"]
[Result "0-1"]
[ECO "E63"]
[WhiteElo "2495"]
[BlackElo "2218"]
[Annotator "RC"]
[PlyCount "128"]
[EventDate "2020.02.19"]
[EventType "swiss"]
[EventCountry "NOR"]
[SourceTitle "playchess.com"]
[Source "ChessBase"]
[SourceQuality "1"]
[TimeControl "5400+30"]

1. c4 Nf6 2. g3 g6 3. Bg2 Bg7 4. Nc3 O-O 5. d4 d6 6. Nf3 Nc6 7. O-O a6 8. h3 Rb8 9. a3 Na5 10. b3 b5 11. cxb5 axb5 12. Bd2 c6 13. Qc2 Qc7 14. Rfc1 Re8 15. Bg5 Be6 16. Nd2 Qb6 17. e4 Nd7 18. b4 Nc4 19. d5 cxd5 20. exd5 Bf5 21. Nxc4 bxc4 22. Qd2 Ne5 23. g4 Bd7 24. Be3 Qa6 25. Rcb1 f5 26. g5 Nd3 27. f4 e5 28. dxe6 Bxe6 29. Ra2 Bf7 30. Rc2 Qxa3 31. Nd5 Nxb4 32. Rxc4 Nxd5 33. Rxb8 Qxe3+ 34. Qxe3 Nxe3 35. Rxe8+ Bxe8 36. Rc8 Nxg2 37. Kxg2 Kf8 38. Rc7 Bf7 39. Kf3 h6 40. h4 h5 41. Ke3 Bb2 42. Ra7 Bc1+ 43. Kf3 Bd5+ 44. Kg3 Be3 45. Rc7 Bb6 46. Rd7 Bc5 47. Rc7 Bb4 48. Rd7 Be6 49. Rb7 Be1+ 50. Kh3 Bf7 51. Rb1 Bd2 52. Kg3 d5 53. Rb8+ Kg7 54. Rd8 Be1+ 55. Kh3 Bf2 56. Rb8 d4 57. Rd8 Be6 58. Kg2 Be3 59. Kf3 Kf7 60. Rd6 Ke7 61. Ra6 Bd5+ 62. Kg3 d3 63. Ra3 d2 64. Rxe3+ Be4 0-1

[Event "Kragero Resort A 2020"]
[Site "Kragero"]
[Date "2020.02.20"]
[Round "3.21"]
[White "Kaasen, Tor Fredrik"]
[Black "Kvaloy, Aksel Bu"]
[Result "1/2-1/2"]
[ECO "B90"]
[WhiteElo "2393"]
[BlackElo "2174"]
[Annotator "RC"]
[PlyCount "98"]
[EventDate "2020.02.19"]
[EventType "swiss"]
[EventCountry "NOR"]
[SourceTitle "playchess.com"]
[Source "ChessBase"]
[SourceQuality "1"]
[TimeControl "5400+30"]

1. e4 c5 2. Nf3 d6 3. d4 cxd4 4. Nxd4 Nf6 5. Nc3 a6 6. h3 b5 7. a4 b4 8. Nd5 e6 9. Nxf6+ Qxf6 10. g3 Bb7 11. Bg2 Nd7 12. O-O Nc5 13. Re1 e5 14. Nb3 Nxb3 15. cxb3 a5 16. Qd3 Qe6 17. Qb5+ Qd7 18. Be3 Be7 19. Rec1 Bd8 20. h4 Ba6 21. Bf1 Bxb5 22. Bxb5 Ke7 23. Bxd7 Kxd7 24. Rc4 Be7 25. Rd1 Rhc8 26. Rd5 Bd8 27. Kf1 Rc6 28. Ke2 Rac8 29. Kd3 Ke6 30. Rb5 Kd7 31. h5 h6 32. g4 Ke6 33. Rb7 R6c7 34. Ra7 Rxc4 35. bxc4 Rc6 36. Rb7 Bc7 37. Rb5 Kd7 38. Rd5 Ke6 39. c5 dxc5 40. Bxc5 Bd6 41. Kc4 Bxc5 42. Rxc5 Kd6 43. Rxc6+ Kxc6 44. b3 g5 45. f3 f6 46. Kd3 Kc5 47. Ke3 Kc6 48. Kd2 Kd6 49. Kc2 Kc6 1/2-1/2

[Event "Kragero Resort A 2020"]
[Site "Kragero"]
[Date "2020.02.20"]
[Round "3.23"]
[White "Kizatbay, Abyl"]
[Black "Stanford, Maxim Barth"]
[Result "1/2-1/2"]
[ECO "B31"]
[WhiteElo "2142"]
[BlackElo "2339"]
[Annotator "RC"]
[PlyCount "116"]
[EventDate "2020.02.19"]
[EventType "swiss"]
[EventCountry "NOR"]
[SourceTitle "playchess.com"]
[Source "ChessBase"]
[SourceQuality "1"]
[TimeControl "5400+30"]

1. e4 c5 2. Nf3 Nc6 3. Bb5 g6 4. O-O Bg7 5. c3 Nf6 6. Re1 O-O 7. h3 e5 8. Bxc6 dxc6 9. Nxe5 Re8 10. Nf3 Rxe4 11. Rxe4 Nxe4 12. d3 c4 13. d4 Be6 14. Nbd2 Nxd2 15. Bxd2 Qb6 16. Qc1 Bd5 17. Ne5 Re8 18. a4 Qd8 19. Bf4 f6 20. Ng4 g5 21. Bh2 f5 22. Ne3 f4 23. Nxd5 Qxd5 24. Qd2 c5 25. Re1 Rxe1+ 26. Qxe1 cxd4 27. cxd4 Kf7 28. h4 Qxd4 29. hxg5 Qxb2 30. Bxf4 Qa1 31. Bc1 Bb2 32. Qe4 Qxc1+ 33. Kh2 Qxg5 34. Qxb7+ Kf6 35. Qc6+ Kf5 36. Qc8+ Kg6 37. Qxc4 Qh6+ 38. Kg3 Be5+ 39. Kf3 Qh5+ 40. g4 Qh3+ 41. Ke2 Qc3 42. Qg8+ Kf6 43. g5+ Kf5 44. Qxh7+ Kxg5 45. Qxa7 Qc4+ 46. Kf3 Qg4+ 47. Ke3 Bf4+ 48. Kd3 Qd1+ 49. Kc4 Qe2+ 50. Kd5 Qe5+ 51. Kc6 Qd6+ 52. Kb5 Qd3+ 53. Kc6 Qd6+ 54. Kb5 Kg4 55. Qg7+ Kf3 56. Qc3+ Ke2 57. Qc4+ Kxf2 58. Qc5+ Qxc5+ 1/2-1/2

[Event "Kragero Resort A 2020"]
[Site "Kragero"]
[Date "2020.02.20"]
[Round "4.1"]
[White "Miedema, David"]
[Black "Mirzoev, Emil"]
[Result "1-0"]
[ECO "C03"]
[WhiteElo "2368"]
[BlackElo "2452"]
[Annotator "ChessBase"]
[PlyCount "111"]
[EventDate "2020.02.19"]
[EventType "swiss"]
[EventCountry "NOR"]
[SourceTitle "playchess.com"]
[Source "ChessBase"]
[SourceQuality "1"]
[TimeControl "5400+30"]

1. e4 e6 2. d4 d5 3. Nd2 Be7 4. Ngf3 Nf6 5. Bd3 c5 6. dxc5 dxe4 7. Nxe4 Nxe4 8. Bxe4 Qxd1+ 9. Kxd1 Bxc5 10. Ke2 Nd7 11. Be3 Bxe3 12. Kxe3 Nc5 13. Rhd1 Nxe4 14. Kxe4 b6 15. Ke3 Bb7 16. Rd6 Ke7 17. Rd2 Rhd8 18. Rad1 Rxd2 19. Rxd2 f6 20. Ne1 e5 21. h4 Rc8 22. g3 Rc4 23. f3 h5 24. b3 Rc3+ 25. Rd3 Rc8 26. c4 g5 27. hxg5 fxg5 28. Rd2 h4 29. Rh2 Rh8 30. Ng2 h3 31. Ne1 e4 32. fxe4 g4 33. Nd3 Kd6 34. Rh1 Rf8 35. Nf4 Re8 36. Rd1+ Kc7 37. Nd5+ Bxd5 38. cxd5 Rf8 39. e5 Rf3+ 40. Ke4 Rxg3 41. d6+ Kd8 42. e6 Rg2 43. Ke3 Rg3+ 44. Ke4 Rg2 45. Rf1 Re2+ 46. Kd5 Kc8 47. d7+ Kc7 48. Rc1+ Kb7 49. Kd6 Rd2+ 50. Ke7 h2 51. d8=Q Rxd8 52. Kxd8 g3 53. e7 g2 54. e8=Q g1=Q 55. Qd7+ Ka6 56. Qa4+ 1-0

[Event "Kragero Resort A 2020"]
[Site "Kragero"]
[Date "2020.02.20"]
[Round "4.7"]
[White "Shehzad, Shazil"]
[Black "Seo, Jung Min"]
[Result "1/2-1/2"]
[ECO "C56"]
[WhiteElo "2144"]
[BlackElo "2424"]
[Annotator "NA"]
[PlyCount "104"]
[EventDate "2020.02.19"]
[EventType "swiss"]
[EventCountry "NOR"]
[SourceTitle "playchess.com"]
[Source "ChessBase"]
[SourceQuality "1"]
[TimeControl "5400+30"]

1. e4 e5 2. Nf3 Nc6 3. d4 exd4 4. Bc4 Nf6 5. e5 d5 6. Bb5 Nd7 7. O-O Be7 8. Bxc6 bxc6 9. Nxd4 Nb8 10. c4 O-O 11. Nd2 c5 12. N4f3 c6 13. Qc2 Be6 14. Re1 Nd7 15. b3 a5 16. a4 Nb8 17. Ba3 Na6 18. Rad1 Qb6 19. Nf1 Rab8 20. Rb1 Nb4 21. Bxb4 Qxb4 22. N3d2 g6 23. Qd1 Rfd8 24. Qe2 Rd7 25. f4 Rbd8 26. Ne3 dxc4 27. Ndxc4 Rd3 28. Qc2 Rc3 29. Qa2 Rcd3 30. Qc2 Bh4 31. Red1 R3d4 32. g3 Be7 33. Rf1 Bd5 34. Rb2 Be4 35. Qc1 Rd3 36. Nc2 Qc3 37. Qe1 Bf5 38. Qxc3 Rxc3 39. N2e3 Bh3 40. Re1 Rdd3 41. Kf2 Rxb3 42. Rxb3 Rxb3 43. Nxa5 Ra3 44. Nxc6 Bf8 45. g4 c4 46. Nd4 h5 47. gxh5 gxh5 48. Rg1+ Kh7 49. Rg5 Bd7 50. Rxh5+ Kg8 51. Rg5+ Kh7 52. Rh5+ Kg8 1/2-1/2

[Event "Kragero Resort A 2020"]
[Site "Kragero"]
[Date "2020.02.20"]
[Round "4.12"]
[White "Radeva, Viktoria"]
[Black "Vrolijk, Liam"]
[Result "1/2-1/2"]
[ECO "C55"]
[WhiteElo "2320"]
[BlackElo "2501"]
[Annotator "ChessBase"]
[PlyCount "52"]
[EventDate "2020.02.19"]
[EventType "swiss"]
[EventCountry "NOR"]
[SourceTitle "playchess.com"]
[Source "ChessBase"]
[SourceQuality "1"]
[TimeControl "5400+30"]

1. e4 e5 2. Nf3 Nc6 3. Bc4 Nf6 4. d3 Be7 5. O-O O-O 6. Re1 d6 7. a4 Kh8 8. h3 Ng8 9. a5 a6 10. Nc3 f5 11. Nd5 fxe4 12. dxe4 Bf6 13. c3 Nce7 14. Nxf6 Nxf6 15. Bg5 Qe8 16. Nh4 h6 17. Bxf6 Rxf6 18. Re3 g5 19. Nf3 Bd7 20. Nh2 Rf4 21. g3 Rf8 22. Bf1 Qg6 23. Bg2 Rf7 24. Rf3 Raf8 25. Rxf7 Qxf7 26. Qd2 Kg7 1/2-1/2

[Event "Kragero Resort A 2020"]
[Site "Kragero"]
[Date "2020.02.20"]
[Round "4.14"]
[White "Ranaldi, Lucas"]
[Black "Castellanos Rodriguez, Renier"]
[Result "1/2-1/2"]
[ECO "D45"]
[WhiteElo "2302"]
[BlackElo "2481"]
[Annotator "ChessBase"]
[PlyCount "43"]
[EventDate "2020.02.19"]
[EventType "swiss"]
[EventCountry "NOR"]
[SourceTitle "playchess.com"]
[Source "ChessBase"]
[SourceQuality "1"]
[TimeControl "5400+30"]

1. Nf3 d5 2. e3 Nf6 3. c4 c6 4. Nc3 e6 5. b3 Bd6 6. Bb2 O-O 7. Be2 Re8 8. d4 Nbd7 9. O-O b6 10. Qc2 Bb7 11. Rad1 Qe7 12. Rfe1 Bb4 13. Bd3 h6 14. Re2 Bxc3 15. Qxc3 c5 16. cxd5 Nxd5 17. Qe1 Rac8 18. Red2 Red8 19. Bb1 c4 20. bxc4 Rxc4 21. e4 Nc3 22. Rc1 1/2-1/2

[Event "Kragero Resort A 2020"]
[Site "Kragero"]
[Date "2020.02.20"]
[Round "4.16"]
[White "Thorgeirsson, Jon Kristinn"]
[Black "Holm, Kristian Stuvik"]
[Result "0-1"]
[ECO "D90"]
[WhiteElo "2269"]
[BlackElo "2467"]
[Annotator "ChessBase"]
[PlyCount "52"]
[EventDate "2020.02.19"]
[EventType "swiss"]
[EventCountry "NOR"]
[SourceTitle "playchess.com"]
[Source "ChessBase"]
[SourceQuality "1"]
[TimeControl "5400+30"]

1. d4 Nf6 2. c4 g6 3. Nc3 d5 4. Nf3 Bg7 5. cxd5 Nxd5 6. Qb3 Nxc3 7. bxc3 c5 8. e3 O-O 9. Ba3 cxd4 10. cxd4 Nc6 11. Nd2 Be6 12. Bc4 Na5 13. Qb5 a6 14. Qb4 Nxc4 15. Nxc4 Qd5 16. Nb6 Qxg2 17. O-O-O Rad8 18. Qb2 Bf5 19. Bc5 Rfe8 20. Rhg1 Qxh2 21. f3 Qc7 22. Qa3 e5 23. e4 exd4 24. Rg2 Be6 25. Rc2 Qf4+ 26. Kb1 Qg5 0-1

[Event "Kragero Resort A 2020"]
[Site "Kragero"]
[Date "2020.02.20"]
[Round "4.21"]
[White "Tryggestad, Andreas Garberg"]
[Black "Unneland, Mathias"]
[Result "1-0"]
[ECO "B22"]
[WhiteElo "2380"]
[BlackElo "2175"]
[Annotator "NA"]
[PlyCount "65"]
[EventDate "2020.02.19"]
[EventType "swiss"]
[EventCountry "NOR"]
[SourceTitle "playchess.com"]
[Source "ChessBase"]
[SourceQuality "1"]
[TimeControl "5400+30"]

1. e4 c5 2. Nf3 Nc6 3. c3 Nf6 4. e5 Nd5 5. Bc4 Nb6 6. Bb3 d5 7. exd6 c4 8. Bc2 Qxd6 9. O-O Bg4 10. Qe2 O-O-O 11. b3 Qf6 12. Be4 Ne5 13. Bxb7+ Kxb7 14. Qxe5 Bxf3 15. Qxf6 gxf6 16. gxf3 Rd3 17. Re1 Rg8+ 18. Kf1 Rxf3 19. Na3 cxb3 20. axb3 Rh3 21. Nc4 Nxc4 22. bxc4 Rxh2 23. Ke2 e6 24. d3 Bh6 25. Ba3 Rh5 26. Reb1+ Ka8 27. Bd6 Rf5 28. Ra2 Bf4 29. Rba1 Bxd6 30. Rxa7+ Kb8 31. Ra8+ Kb7 32. Rxg8 h5 33. Rg7 1-0

[Event "Kragero Resort A 2020"]
[Site "Kragero"]
[Date "2020.02.20"]
[Round "4.22"]
[White "Kvaloy, Aksel Bu"]
[Black "Mikalsen, Erlend"]
[Result "0-1"]
[ECO "B51"]
[WhiteElo "2174"]
[BlackElo "2364"]
[Annotator "NA"]
[PlyCount "46"]
[EventDate "2020.02.19"]
[EventType "swiss"]
[EventCountry "NOR"]
[SourceTitle "playchess.com"]
[Source "ChessBase"]
[SourceQuality "1"]
[TimeControl "5400+30"]

1. e4 c5 2. Nf3 d6 3. Bb5+ Nd7 4. Ba4 Ngf6 5. O-O e6 6. d4 Nxe4 7. Qe2 Nef6 8. dxc5 dxc5 9. Ne5 Bd6 10. Bf4 Bxe5 11. Bxe5 Qa5 12. Nc3 a6 13. Qf3 O-O 14. Bd6 Re8 15. Rfe1 b5 16. b4 cxb4 17. Ne4 Bb7 18. Nxf6+ Nxf6 19. Qxb7 Qxa4 20. Re3 Qxc2 21. Rf1 Qxa2 22. Rg3 Qd5 23. Qb6 Ne4 0-1

[Event "Kragero Resort A 2020"]
[Site "Kragero"]
[Date "2020.02.20"]
[Round "4.23"]
[White "Stanford, Maxim Barth"]
[Black "Krivenko, Dion"]
[Result "1-0"]
[ECO "A45"]
[WhiteElo "2339"]
[BlackElo "1935"]
[Annotator "RC"]
[PlyCount "107"]
[EventDate "2020.02.19"]
[EventType "swiss"]
[EventCountry "NOR"]
[SourceTitle "playchess.com"]
[Source "ChessBase"]
[SourceQuality "1"]
[TimeControl "5400+30"]

1. d4 Nf6 2. Bg5 Ne4 3. Bf4 d5 4. f3 Nf6 5. e3 e6 6. Bd3 c5 7. c3 Nc6 8. Ne2 Be7 9. Nd2 Nh5 10. Bg3 Nxg3 11. hxg3 h6 12. f4 cxd4 13. exd4 Qb6 14. Rb1 Bd7 15. b4 Bd6 16. Nf3 Ne7 17. Ne5 Bb5 18. a4 Bxd3 19. Qxd3 Qc7 20. Qb5+ Nc6 21. a5 a6 22. Qd3 Bxe5 23. fxe5 Ne7 24. O-O h5 25. Rf3 Nf5 26. Nc1 g5 27. Nb3 g4 28. Rxf5 exf5 29. Rf1 Rf8 30. Nc5 O-O-O 31. Qxf5+ Kb8 32. Qxh5 Qe7 33. Rf6 Ka8 34. Qxg4 Rg8 35. Qf3 Rg6 36. Rxf7 Qg5 37. Rf4 Qxg3 38. Qxg3 Rxg3 39. Rf3 Rg6 40. Kf2 Rdg8 41. g3 Rh8 42. e6 Rg7 43. Kg2 Rhg8 44. Nd3 Re7 45. Nf4 Kb8 46. Re3 Rd8 47. Re5 Rd6 48. g4 Rc6 49. g5 Rxc3 50. Nxd5 Rc2+ 51. Kg3 Re8 52. e7 Rc1 53. Nf6 Rg1+ 54. Kf2 1-0

[Event "Kragero Resort A 2020"]
[Site "Kragero"]
[Date "2020.02.20"]
[Round "4.28"]
[White "Aarnes, Eirik"]
[Black "Birkisson, Bardur Orn"]
[Result "1-0"]
[ECO "C68"]
[WhiteElo "1884"]
[BlackElo "2186"]
[Annotator "NA"]
[PlyCount "33"]
[EventDate "2020.02.19"]
[EventType "swiss"]
[EventCountry "NOR"]
[SourceTitle "playchess.com"]
[Source "ChessBase"]
[SourceQuality "1"]
[TimeControl "5400+30"]

1. e4 e5 2. Nf3 Nc6 3. Bb5 a6 4. Bxc6 dxc6 5. O-O Bg4 6. h3 h5 7. d3 Qf6 8. Nbd2 O-O-O 9. hxg4 hxg4 10. Nh2 Nh6 11. g3 Qg6 12. Kg2 Qh5 13. Rh1 Qh3+ 14. Kg1 Bc5 15. Ndf1 f5 16. Be3 Bxe3 17. Nxe3 1-0

[Event "Kragero Resort A 2020"]
[Site "Kragero"]
[Date "2020.02.21"]
[Round "5.1"]
[White "Miedema, David"]
[Black "Gharibyan, Mamikon"]
[Result "0-1"]
[ECO "A47"]
[WhiteElo "2368"]
[BlackElo "2405"]
[Annotator "ChessBase"]
[PlyCount "78"]
[EventDate "2020.02.19"]
[EventType "swiss"]
[EventCountry "NOR"]
[SourceTitle "playchess.com"]
[Source "ChessBase"]
[SourceQuality "1"]
[TimeControl "5400+30"]

1. d4 Nf6 2. Nf3 e6 3. Bf4 b6 4. h3 Bb7 5. e3 d5 6. Nbd2 Bd6 7. Ne5 O-O 8. Bd3 Ne4 9. Bxe4 dxe4 10. Qg4 Qe7 11. Bg3 Nd7 12. Bh4 f6 13. Nec4 Qf7 14. Nxe4 Be7 15. Nc3 h5 16. Qg3 e5 17. Nd2 exd4 18. Nb5 dxe3 19. fxe3 Ne5 20. O-O Ba6 21. Nxc7 Bxf1 22. Nxa8 Bb5 23. Nc7 Bc6 24. a4 Bd6 25. Nb5 Nf3+ 26. Qxf3 Bxf3 27. Nxd6 Qd5 28. Nxf3 Qxd6 29. Nd4 Qd5 30. Rf1 Re8 31. Bf2 Qe4 32. Rd1 Re5 33. Kh2 Rg5 34. Nf3 Ra5 35. Rd8+ Kh7 36. Rd4 Qxc2 37. Be1 Rxa4 38. b4 Qe2 39. Re4 Ra2 0-1

[Event "Kragero Resort A 2020"]
[Site "Kragero"]
[Date "2020.02.21"]
[Round "5.8"]
[White "Mirzoev, Emil"]
[Black "Shehzad, Shazil"]
[Result "1-0"]
[ECO "A28"]
[WhiteElo "2452"]
[BlackElo "2144"]
[Annotator "ChessBase"]
[PlyCount "51"]
[EventDate "2020.02.19"]
[EventType "swiss"]
[EventCountry "NOR"]
[SourceTitle "playchess.com"]
[Source "ChessBase"]
[SourceQuality "1"]
[TimeControl "5400+30"]

1. c4 e5 2. Nc3 Nf6 3. Nf3 Nc6 4. e4 Bb4 5. d3 d6 6. a3 Bxc3+ 7. bxc3 h6 8. g3 a6 9. a4 b6 10. Bg2 Be6 11. O-O Qc8 12. Nh4 Bh3 13. Nf5 Bxg2 14. Kxg2 Ne7 15. Nxg7+ Kf8 16. Nh5 Nxh5 17. Qxh5 Qe6 18. f4 Qg6 19. Qh4 h5 20. fxe5 dxe5 21. Ba3 Re8 22. Rf6 Qg4 23. Qxg4 hxg4 24. Raf1 Rh7 25. a5 bxa5 26. R1f5 1-0

[Event "Kragero Resort A 2020"]
[Site "Kragero"]
[Date "2020.02.21"]
[Round "5.9"]
[White "Alinasab, Mobina"]
[Black "Haug, Johannes"]
[Result "1/2-1/2"]
[ECO "C76"]
[WhiteElo "2333"]
[BlackElo "2426"]
[Annotator "ChessBase"]
[PlyCount "74"]
[EventDate "2020.02.19"]
[EventType "swiss"]
[EventCountry "NOR"]
[SourceTitle "playchess.com"]
[Source "ChessBase"]
[SourceQuality "1"]
[TimeControl "5400+30"]

1. e4 e5 2. Nf3 Nc6 3. Bb5 a6 4. Ba4 d6 5. O-O Bd7 6. c3 g6 7. d4 Bg7 8. dxe5 Nxe5 9. Nxe5 dxe5 10. Bxd7+ Qxd7 11. Qxd7+ Kxd7 12. Be3 Bh6 13. Rd1+ Ke6 14. Bxh6 Nxh6 15. Nd2 f5 16. Re1 f4 17. Rad1 Rhd8 18. f3 Nf7 19. Nc4 b6 20. Kf2 g5 21. h3 h5 22. Ke2 Rg8 23. Rh1 Rg6 24. Kf2 Rag8 25. g4 Rh6 26. gxh5 Rxh5 27. Kg2 Nd6 28. Nxd6 cxd6 29. Rd5 Ke7 30. a4 Rc8 31. Rhd1 Rh6 32. R5d3 Rch8 33. Rh1 Rc8 34. Rhd1 Rc6 35. b3 Rh8 36. c4 Rb8 37. Rd5 Rh8 1/2-1/2

[Event "Kragero Resort A 2020"]
[Site "Kragero"]
[Date "2020.02.21"]
[Round "5.10"]
[White "Seo, Jung Min"]
[Black "Altarbosh, Ward"]
[Result "1-0"]
[ECO "A29"]
[WhiteElo "2424"]
[BlackElo "2149"]
[Annotator "NA"]
[PlyCount "85"]
[EventDate "2020.02.19"]
[EventType "swiss"]
[EventCountry "NOR"]
[SourceTitle "playchess.com"]
[Source "ChessBase"]
[SourceQuality "1"]
[TimeControl "5400+30"]

1. c4 Nf6 2. Nc3 e5 3. Nf3 Nc6 4. g3 Bc5 5. Bg2 d6 6. O-O Bf5 7. d3 O-O 8. Na4 Bb6 9. Nxb6 axb6 10. h3 {[%emt 0:01:50] [#] A29: English Opening: Four Knights Variation with 4 g3.} Qe7 $146 ({Predecessor:} 10... Qd7 11. Kh2 h6 {½-½ (11) Hunacek,J (1785)-Nespurek,P (1389) Czechia 2009}) 11. e4 Bd7 12. Be3 Nd8 13. Nh4 b5 14. cxb5 Bxb5 15. Nf5 Qe6 16. a4 Bd7 17. g4 Kh8 18. b4 Ng8 19. Qc2 g6 20. Ng3 f6 21. d4 Qe8 22. a5 Bb5 23. Rfd1 ({But not} 23. Qxc7 $6 Bxf1 24. Rxf1 (24. Nxf1 Qc6 $11) (24. Bxf1 exd4 25. Bxd4 Ne6 $11) 24... exd4 $11) 23... exd4 24. Bxd4 ({Don't play} 24. Rxd4 $6 Nc6 $14) 24... Ne6 25. Be3 Ne7 26. f4 Nc6 27. Qc3 Kg8 28. Rd5 Ncd8 29. f5 Ng5 30. Bxg5 $18 fxg5 31. e5 Nf7 32. Re1 Qc6 33. Rc5 Qa6 34. Rxc7 dxe5 35. Bxb7 Qa7+ 36. Qc5 Qxc5+ 37. Rxc5 Rad8 38. Rxb5 Rd3 39. Kg2 Nd6 40. Rd5 Rxg3+ 41. Kxg3 Nxb7 42. a6 Nd8 43. b5 1-0

[Event "Kragero Resort A 2020"]
[Site "Kragero"]
[Date "2020.02.21"]
[Round "5.13"]
[White "Vrolijk, Liam"]
[Black "Stanford, Maxim Barth"]
[Result "1-0"]
[ECO "E15"]
[WhiteElo "2501"]
[BlackElo "2339"]
[Annotator "RC"]
[PlyCount "99"]
[EventDate "2020.02.19"]
[EventType "swiss"]
[EventCountry "NOR"]
[SourceTitle "playchess.com"]
[Source "ChessBase"]
[SourceQuality "1"]
[TimeControl "5400+30"]

1. d4 Nf6 2. c4 e6 3. Nf3 b6 4. g3 Ba6 5. Qc2 Bb4+ 6. Bd2 Qe7 7. e4 Bb7 8. Bd3 Nc6 9. a3 Bxd2+ 10. Nbxd2 e5 11. d5 Nd8 12. O-O d6 13. b4 c5 14. bxc5 bxc5 15. Rab1 Bc8 16. Qa4+ Bd7 17. Qa5 Bh3 18. Rfe1 O-O 19. Rb2 Nh5 20. Reb1 Rc8 21. Qa6 g6 22. Rb8 Rc7 23. Bf1 Bxf1 24. Kxf1 f5 25. R1b3 Nf6 26. exf5 gxf5 27. Nh4 Ne4 28. Ndf3 Qf6 29. Rc8 Rd7 30. Qa4 Rdf7 31. Qa5 f4 32. g4 Ng5 33. Nxg5 Qxg5 34. Nf5 e4 35. h4 Qf6 36. Qd2 e3 37. fxe3 h5 38. e4 Qa1+ 39. Qe1 Qa2 40. Rf3 hxg4 41. Rxf4 Qxc4+ 42. Kg2 Kh7 43. Qe3 Rf6 44. Kg3 Qa6 45. Rc7+ R8f7 46. Rxf7+ Nxf7 47. Rxg4 Rg6 48. Rxg6 Kxg6 49. Kf2 Kh7 50. Qg3 1-0

[Event "Kragero Resort A 2020"]
[Site "Kragero"]
[Date "2020.02.21"]
[Round "5.15"]
[White "Kaasen, Tor Fredrik"]
[Black "Ranaldi, Lucas"]
[Result "1-0"]
[ECO "E18"]
[WhiteElo "2393"]
[BlackElo "2302"]
[Annotator "ChessBase"]
[PlyCount "87"]
[EventDate "2020.02.19"]
[EventType "swiss"]
[EventCountry "NOR"]
[SourceTitle "playchess.com"]
[Source "ChessBase"]
[SourceQuality "1"]
[TimeControl "5400+30"]

1. d4 Nf6 2. c4 e6 3. Nf3 b6 4. g3 Bb7 5. Bg2 Be7 6. O-O O-O 7. Nc3 Ne4 8. Bd2 f5 9. Qc2 Bf6 10. Rad1 d6 11. Ne1 Nxc3 12. Bxc3 Bxg2 13. Nxg2 Nd7 14. Rfe1 Re8 15. e4 fxe4 16. Rxe4 e5 17. Rde1 Rf8 18. dxe5 Bxe5 19. f4 Bxc3 20. Qxc3 Nf6 21. Re7 Re8 22. Rxe8+ Nxe8 23. Ne3 Nf6 24. Nd5 Nxd5 25. cxd5 Qd7 26. Re6 Re8 27. f5 Rxe6 28. fxe6 Qa4 29. Qf3 Qe8 30. b4 h6 31. b5 Qe7 32. h4 Qe8 33. Qf5 Qe7 34. Kh2 Qe8 35. a4 Qe7 36. Kh3 Qe8 37. g4 Qe7 38. g5 hxg5 39. hxg5 Qf8 40. Kg4 Qe8 41. g6 Qd8 42. Qf7+ Kh8 43. e7 Qd7+ 44. Kg3 1-0